 Dungeon Crawl Stone Soup version 0.28.0-43-g3370ac3207 (webtiles) character file.

Game seed: 14307111246343952279

39918 boopmooplesden the Stickfighter (level 13, -23/125 HPs)
             Began as a Minotaur Berserker on Mar 22, 2022.
             Was a High Priest of Trog.
             Annihilated by a torpor snail (51 damage)
             ... on level 6 of the Lair of Beasts.
             The game lasted 00:33:43 (16708 turns).

boopmooplesden the Stickfighter (MiBe)             Turns: 16708, Time: 00:33:43

Health: -23/125    AC: 23    Str: 22    XL:     13   Next: 71%
Magic:  12/12      EV:  2    Int:  6    God:    Trog [*****.]
Gold:   839        SH:  0    Dex: 16    Spells: 12/12 levels left

rFire   + + .      SeeInvis .   D - +8 lajatang (elec)
rCold   . . .      Faith    .   (shield currently unavailable)
rNeg    . . .      Spirit   .   K - +0 chain mail of the Hurricane {rElec Regen+ Str-3 Dex+4}
rPois   +          Reflect  .   (helmet restricted)
rElec   +          Harm     .   g - +2 cloak
rCorr   .          Rampage  .   w - +2 pair of gloves
Will    +....                   m - +2 pair of boots
Stlth   +.........              b - amulet of Kupsuif {RegenMP rF++ Will+ Dex-4 Stlth+}
HPRegen 1.10/turn               u - ring of the Will of the Gods {*Slow rPois EV+4 Dex+6}
MPRegen 0.53/turn               U - ring of poison resistance

@: about to teleport, sleeping, slowed
A: horns 2, retaliatory headbutt
a: Renounce Religion, Berserk, Trog's Hand, Brothers in Arms


You were on level 6 of the Lair of Beasts.
You worshipped Trog.
Trog was extremely pleased with you.
You visited 2 branches of the dungeon, and saw 17 of its levels.
You also visited: Sewer, Bailey and Gauntlet.

You collected 1067 gold pieces.
You spent 228 gold pieces at shops.

Inventory:

Hand Weapons
 a - a +0 falchion
 h - a +1 long sword of protection
 k - a +0 hunting sling
 D - a +8 lajatang of electrocution (weapon)
 E - a +5 vorpal flail
 F - the +6 quarterstaff "Isuxtam" {holy, *Rage rElec rF+ rC+}
   (You found it on level 6 of the Dungeon)

   It has been blessed by the Shining One to cause great damage to the undead
   and demons.
   rF:        It protects you from fire.
   rC:        It protects you from cold.
   rElec:     It insulates you from electricity.
   *Rage:     It berserks you when you make melee attacks (+20% chance).
 T - a +0 quarterstaff of freezing
Missiles
 i - 6 boomerangs (quivered)
 x - 6 javelins
 L - a throwing net
Armour
 g - a +2 cloak (worn)
 m - a +2 pair of boots (worn)
 w - a +2 pair of gloves (worn)
 K - the +0 chain mail of the Hurricane (worn) {rElec Regen+ Str-3 Dex+4}
   (You bought it in a shop on level 4 of the Dungeon)

   Str:       It affects your strength (-3).
   Dex:       It affects your dexterity (+4).
   rElec:     It insulates you from electricity.
   Regen:     It increases your rate of health regeneration.
Jewellery
 b - the amulet of Kupsuif (around neck) {RegenMP rF++ Will+ Dex-4 Stlth+}
   (You found it in a Gauntlet)

   [amulet of magic regeneration]

   It increases your rate of magic regeneration.
   Dex:       It affects your dexterity (-4).
   rF:        It greatly protects you from fire.
   Will:      It increases your willpower.
   Stlth:     It makes you more stealthy.
 f - the ring of Fihuukk {rF+ Str-3 Int+8}
   (You found it in a Gauntlet)

   [ring of protection from fire]

   Str:       It affects your strength (-3).
   Int:       It affects your intelligence (+8).
   rF:        It protects you from fire.
 l - an amulet of reflection
 o - a +6 ring of dexterity
 u - the ring of the Will of the Gods (left hand) {*Slow rPois EV+4 Dex+6}
   (You found it on level 3 of the Dungeon)

   [ring of evasion]

   EV:        It affects your evasion (+4).
   Dex:       It affects your dexterity (+6).
   rPois:     It protects you from poison.
   *Slow:     It may slow you when you take damage.
 A - a +4 ring of evasion
 O - a ring of fire
 R - a ring of ice
 U - a ring of poison resistance (right hand)
 X - a ring of protection from cold
Wands
 n - a wand of mindburst (29)
 N - a wand of flame (40)
 P - a wand of digging (4)
 Q - a wand of iceblast (30)
 Y - a wand of acid (14)
 Z - a wand of charming (2)
Scrolls
 d - a scroll of magic mapping
 r - a scroll of silence
 y - 2 scrolls of fear
 H - a scroll of identify
 J - 4 scrolls of fog
 M - 3 scrolls of teleportation
Potions
 c - 3 potions of invisibility
 e - 4 potions of attraction
 j - 5 potions of curing
 p - 2 potions of haste
 q - 2 potions of berserk rage
 s - 2 potions of might
 t - 2 potions of degeneration
 v - 7 potions of brilliance
 z - 2 potions of lignification
 B - 5 potions of heal wounds
 C - 3 potions of ambrosia
 G - 6 potions of mutation
 S - a potion of flight {unknown}
 W - a potion of cancellation {unknown}
Miscellaneous
 V - a box of beasts


   Skills:
 + Level 14.3 Fighting
 + Level 11.9 Long Blades
 + Level 15.4 Staves
 + Level 12.7 Armour
 + Level 8.6 Dodging
 + Level 3.8 Stealth


You had 12 spell levels left.
You didn't know any spells.
Your spell library was empty.

Dungeon Overview and Level Annotations

Branches:
Dungeon (11/15)            Temple (0/1) D:5            Lair (6/6) D:11
 Shoals (0/4) Lair:2       Spider (0/4) Lair:2          Orc (0/2) D:11
  Sewer (visited)          Bailey (visited)         Gauntlet (visited)
  Slime: Lair:5-6

Altars:
Ashenzari
Cheibriados
Elyvilon
Sif Muna
Trog
Xom

Shops:
D:1 [   D:2 !   D:4 [   D:7 =

Annotations:
D:8 Harold


Innate Abilities, Weirdness & Mutations

You have a pair of horns on your head.
You reflexively headbutt those who attack you in melee.


Message History

The yak gores you!
You wake up.
A dream sheep comes into view.
The dream sheep bleats!
You slice the water moccasin!!
You kill the water moccasin!
Trog accepts your kill.
The water moccasin completely misses you.
A dream sheep comes into view.
The torpor snail bites you! The water moccasin bites you. The yak misses you.
You slice the water moccasin!!
You kill the water moccasin!
Trog accepts your kill. The yak barely misses you. You furiously retaliate!
You headbutt the yak. The yak gores you but does no damage.
The torpor snail bites you.
You closely miss the dream sheep. Your headbutt misses the dream sheep.
The yak gores you but does no damage. The yak closely misses you.
The dream sheep bites you but does no damage.
The torpor snail closely misses you.
Unknown command.
You slice the dream sheep!!
Lightning courses through the dream sheep!
You kill the dream sheep!
Trog accepts your kill.
A wolf comes into view.
The yak misses you. You furiously retaliate!
You headbutt the yak. The yak misses you.
The dream sheep are wreathed in dream dust.
You feel drowsy...
You fall asleep.
The yak gores you!
You wake up.
The wolf moves out of view.
Unknown command.
As you read the scroll of teleportation, it crumbles to dust.
You feel strangely unstable. The yak gores you but does no damage.
The torpor snail bites you! The yak gores you!
* * * LOW HITPOINT WARNING * * *
A wolf comes into view.
The dream sheep shake their wool and sparkle.
You feel drowsy...
You fall asleep.
The dream sheep bites you but does no damage.
The torpor snail bites you!!!
You die... ...#####.... ............h.P...h ............P.#.... ...........#........ ..... .YY5....Y..... ......
Y.Y

#.Y....#
......##Y###......##
#..).Y#Y##........##
#@w...........#
#.....#Y..!......#.#
#.................##
#...................##.
####...................
##P........†....P...
##..........P.P....
#......#....#.....
.........<...#....


You could see a torpor snail, 2 yaks, a wolf (wandering), 4 dream sheep and a
white imp.

Vanquished Creatures
  A minotaur (Gauntlet)
  Fannar (Lair:3)
  3 hydras (Lair:5)
  A catoblepas (Lair:3)
  6 death yaks
  2 two-headed ogres
  Pikel (D:8)
  2 manticores
  15 elephants
  6 black mambas
  A torpor snail (Gauntlet)
  A gargoyle (D:9)
  9 cane toads
  Maggie (D:6)
  3 rime drakes (Lair:5)
  2 komodo dragons
  A troll (D:9)
  2 polar bears
  A troll (shapeshifter) (Gauntlet)
  Grinder (D:3)
  9 dream sheep
  A wind drake (Lair:2)
  2 culicivoras (Lair:2)
  2 jumping spiders (Lair:2)
  7 shadows
  A wraith (D:10)
  6 wyverns
  2 basilisks
  20 yaks
  4 steam dragons
  4 redbacks (Lair:2)
  Edmund (D:6)
  14 water moccasins
  6 orc warriors
  A black bear (D:7)
  7 necrophages
  12 wolves
  4 ogres
  A centaur (D:7)
  2 phantoms
  A lemure (D:8)
  3 kobold brigands
  15 bullfrogs
  Blork the orc (D:6)
  2 gnoll sergeants
  6 scorpions
  2 water moccasin zombies
  A wyvern skeleton (D:7)
  12 killer bees
  8 wights (D:8)
  5 howler monkeys
  4 electric eels
  A jelly (D:5)
  5 hounds (D:5)
  5 orc priests
  Crazy Yiuf (D:4)
  A gnoll shaman (D:7)
  A bullfrog skeleton (D:5)
  3 centaur skeletons
  2 iguanas (D:5)
  8 orc wizards
  A hell rat (Sewer)
  A killer bee zombie (D:5)
  8 adders
  29 gnolls
  A howler monkey skeleton (D:5)
  3 howler monkey zombies
  2 river rats (Sewer)
  A white imp (D:5)
  An adder zombie (D:5)
  2 worms
  5 dart slugs
  41 orcs
  10 endoplasms
  6 giant cockroaches
  12 goblins
  6 hobgoblins
  10 jackals
  3 quokkas
  7 ball pythons
  5 bats
  5 frilled lizards
  20 kobolds
  10 rats
442 creatures vanquished.

Vanquished Creatures (others)
  12 fungi
  16 plants
28 creatures vanquished.

Grand Total: 470 creatures vanquished

Notes
Turn   | Place    | Note
-------+----------+-------------------------------------------
     0 | D:1      | boopmooplesden the Minotaur Berserker began the quest for
                  | the Orb.
     0 | D:1      | Reached XP level 1. HP: 19/19 MP: 0/0
   220 | D:1      | Reached XP level 2. HP: 27/27 MP: 1/1
   288 | D:1      | Found Naplai's Antique Armour Boutique.
   411 | D:1      | Found a faded altar of an unknown god.
   498 | D:1      | Reached XP level 3. HP: 27/34 MP: 2/2
  1117 | D:2      | Found Neottir's Distillery.
  1123 | D:2      | Reached ** piety under Trog
  1132 | D:2      | Reached XP level 4. HP: 28/41 MP: 3/3
  1670 | D:2      | Reached skill level 5 in Long Blades
  1780 | D:2      | Reached skill level 1 in Stealth
  1787 | D:2      | Reached XP level 5. HP: 27/47 MP: 4/4
  2292 | D:3      | Noticed Grinder
  2317 | D:3      | Killed Grinder
  2318 | D:3      | Reached skill level 5 in Fighting
  2318 | D:3      | Reached XP level 6. HP: 49/56 MP: 5/5
  2476 | D:3      | Found a glowing drain.
  2485 | Sewer    | Entered a sewer
  2850 | D:3      | Noticed a steam dragon
  2864 | D:3      | Killed a steam dragon
  2865 | D:3      | Reached XP level 7. HP: 55/62 MP: 6/6
  2868 | D:3      | Identified the ring of the Will of the Gods {*Slow rPois
                  | EV+4 Dex+6}
  3541 | D:4      | Found a snail-covered altar of Cheibriados.
  3698 | D:4      | Found a runed translucent door.
  3699 | D:4      | Noticed Crazy Yiuf
  3707 | D:4      | Killed Crazy Yiuf
  3810 | D:4      | Found Wuepn's Antique Armour Emporium.
  3964 | D:5      | Entered Level 5 of the Dungeon
  4076 | D:5      | Noticed a steam dragon
  4076 | D:5      | Noticed a vampire
  4092 | D:5      | Killed a steam dragon
  4093 | D:5      | Reached XP level 8. HP: 69/71 MP: 7/7
  4335 | D:5      | Reached *** piety under Trog
  4356 | D:5      | Found a staircase to the Ecumenical Temple.
  4527 | D:5      | Reached skill level 10 in Long Blades
  4527 | D:5      | Reached skill level 5 in Armour
  5116 | D:6      | Found a bloodstained altar of Trog.
  5125 | D:6      | Noticed Maggie
  5134 | D:6      | Killed Maggie
  5135 | D:6      | Reached skill level 5 in Dodging
  5135 | D:6      | Reached XP level 9. HP: 79/79 MP: 8/8
  5285 | D:6      | Noticed Edmund
  5311 | D:6      | Killed Edmund
  5343 | D:6      | Identified the +6 quarterstaff "Isuxtam" {holy, *Rage rElec
                  | rF+ rC+}
  5502 | D:6      | Noticed Blork the orc
  5510 | D:6      | Killed Blork the orc
  5699 | D:7      | Reached skill level 1 in Staves
  5936 | D:4      | Bought a crude chain mail for 228 gold pieces
  5936 | D:4      | Identified the +0 chain mail of the Hurricane {rElec Regen+
                  | Str-3 Dex+4} (You bought it in a shop on level 4 of the
                  | Dungeon)
  6209 | D:7      | Reached skill level 2 in Staves
  6338 | D:7      | Found Qyrura's Jewellery Boutique.
  6342 | D:7      | Reached skill level 3 in Staves
  6399 | D:7      | Reached **** piety under Trog
  6993 | D:8      | Reached XP level 10. HP: 74/87 MP: 9/9
  7069 | D:8      | Noticed a two-headed ogre
  7077 | D:8      | Killed a two-headed ogre
  7078 | D:8      | Reached skill level 4 in Staves
  7080 | D:8      | Reached skill level 5 in Staves
  7164 | D:8      | Noticed Pikel
  7180 | D:8      | Killed Pikel
  7280 | D:8      | Reached skill level 6 in Staves
  7384 | D:8      | Noticed Harold
  7385 | D:8      | You fall into a shaft and drop 2 floors!
  7385 | D:10     | Entered Level 10 of the Dungeon
  7541 | D:10     | Found a shimmering blue altar of Sif Muna.
  7574 | D:10     | Reached skill level 7 in Staves
  8081 | D:10     | Reached skill level 8 in Staves
  8429 | D:9      | Noticed a gargoyle
  8441 | D:9      | Killed a gargoyle
  8498 | D:9      | Found a flagged portal.
  8531 | Bailey   | Entered a bailey
  8572 | Bailey   | Reached ***** piety under Trog
  8865 | D:9      | Reached XP level 11. HP: 94/94 MP: 10/10
  9268 | D:9      | Reached skill level 9 in Staves
  9875 | D:11     | Noticed a two-headed ogre
  9882 | D:11     | Killed a two-headed ogre
  9885 | D:11     | Found a staircase to the Orcish Mines.
 10069 | D:11     | Found a broken altar of Ashenzari.
 10189 | D:11     | Noticed a death yak
 10189 | D:11     | Noticed a death yak
 10189 | D:11     | Noticed a death yak
 10190 | D:11     | Noticed a death yak
 10195 | D:11     | Noticed a death yak
 10198 | D:11     | Noticed a death yak
 10200 | D:11     | Killed a death yak
 10202 | D:11     | Noticed a boulder beetle
 10207 | D:11     | Killed a death yak
 10208 | D:11     | Reached skill level 10 in Staves
 10212 | D:11     | Reached skill level 10 in Fighting
 10222 | D:11     | Killed a death yak
 10377 | D:11     | Found a staircase to the Lair.
 10590 | Lair:1   | Entered Level 1 of the Lair of Beasts
 10664 | Lair:1   | Reached skill level 11 in Staves
 11968 | Lair:2   | Received a gift from Trog
 12073 | Lair:2   | Found a staircase to the Shoals.
 12429 | Lair:2   | Found a hole to the Spider Nest.
 12500 | Lair:2   | Reached skill level 12 in Staves
 12500 | Lair:2   | Reached XP level 12. HP: 101/110 MP: 11/11
 12909 | Lair:3   | Noticed a catoblepas
 12952 | Lair:3   | Killed a catoblepas
 13371 | Lair:3   | Reached skill level 10 in Armour
 13403 | Lair:3   | Reached skill level 13 in Staves
 13427 | Lair:3   | Noticed Fannar
 13437 | Lair:3   | Killed Fannar
 13974 | Lair:4   | Found a shimmering altar of Xom.
 14671 | Lair:4   | Reached skill level 14 in Staves
 14967 | Lair:5   | Noticed a seven-headed hydra
 14991 | Lair:5   | Killed a seven-headed hydra
 15099 | Lair:5   | Noticed a seven-headed hydra
 15111 | Lair:5   | Killed a seven-headed hydra
 15112 | Lair:5   | Reached XP level 13. HP: 60/119 MP: 12/12
 15241 | Lair:5   | Received a gift from Trog
 15278 | Lair:5   | Found a gate leading to a gauntlet.
 15289 | Gauntlet | Entered a Gauntlet
 15289 | Gauntlet | Found a transporter.
 15289 | Gauntlet | Found a runed translucent door.
 15289 | Gauntlet | Found a transporter.
 15291 | Gauntlet | Found a runed translucent door.
 15303 | Gauntlet | Found a transporter.
 15303 | Gauntlet | Found a transporter.
 15306 | Gauntlet | Found a transporter.
 15312 | Gauntlet | Found a transporter.
 15366 | Gauntlet | Found a transporter.
 15366 | Gauntlet | Found a transporter.
 15370 | Gauntlet | Found a transporter.
 15370 | Gauntlet | Found a transporter.
 15421 | Gauntlet | Identified the amulet of Kupsuif {RegenMP rF++ Will+ Dex-4
                  | Stlth+}
 15456 | Gauntlet | Found a transporter.
 15463 | Gauntlet | Found the +10 dark maul {vorpal}
 15466 | Gauntlet | Found the dreamshard necklace {*Dream Drain}
 15467 | Gauntlet | Found a transporter.
 15477 | Gauntlet | Identified the ring of Fihuukk {rF+ Str-3 Int+8}
 15486 | Gauntlet | Noticed a minotaur
 15510 | Gauntlet | Killed a minotaur
 15520 | Gauntlet | Identified the +0 robe "Cashroy" {*Corrode +Blink SInv}
 15616 | Lair:5   | Found a white marble altar of Elyvilon.
 15820 | Lair:5   | Reached skill level 15 in Staves
 16675 | Lair:6   | Entered Level 6 of the Lair of Beasts
 16708 | Lair:6   | Annihilated by a torpor snail

Illustrated notes

Levels and vault maps discovered:
D:1:      ncdulo_halloftheorcs, layout_basic, serial_shops, shop,
          ebering_ecumenical_altar_rust, chequers_serial_rivers_micro_a,
          minmay_quantized
D:2:      kennysheep_big_flooded_room, layout_basic, serial_shops, shop,
          minmay_pentomino_o2
D:3:      layout_basic, portal_sewer_entry_d, feat_on_display, uniq_grinder
D:4:      layout_loops_ring, cheibriados_altar_1, serial_shops,
          nicolae_shop_trees, uniq_crazy_yiuf_cottage
D:5:      layout_layer_cave, minmay_temple_entry_sparse_star, nzn_random_ring
D:6:      layout_rooms, mainiacjoe_overflow_alcove_2, uniq_blork_the_orc,
          uniq_maggie, uniq_edmund
D:7:      layout_basic, serial_shops, shop
D:8:      layout_gridville, minmay_misc_feat_tiny, uniq_pikel, uniq_harold,
          uniq_erica, uniq_psyche
D:9:      layout_basic, enter_bailey_5
D:10:     layout_stronghold, nicolae_sif_muna_condensation
D:11:     layout_irregular_city, dpeg_lair_monsters, orc_0_dummy,
          ashenzari_altar_1
Lair:1:   layout_gridlike, serial_bayou_shore_b, lemuel_fruit_tree
Lair:2:   layout_cave_pods, minmay_shoals_entry_beasts,
          nicolae_spider_entry_tight_spaces, roderic_carrion_pond
Lair:3:   layout_hall_layers, uniq_fannar
Lair:4:   hellmonk_warped_wall, layout_cave_pods, basic_altar,
          grunt_megastairs_3, infiniplex_staircase_pool
Lair:5:   layout_cave_pods, basic_altar, gauntlet_entry_generic
Lair:6:   wormcave, layout_misc_corridors, dpeg_slime_entry_enclosed_altar,
          portal_ice_cave_entry_imps, chequers_serial_rivers_room_b,
          nicolae_lair_yak_garden

Skill      XL: |  1  2  3  4  5  6  7  8  9 10 11 12 13 |
---------------+----------------------------------------+-----
Long Blades    | 4 5 6 7 8 10 11 | 11.9
Fighting       | 4 5 6 7 8 9 11 12 14 | 14.3
Stealth        | 1 2 3 |  3.8
Dodging        | 3 4 5 6 7 8 |  8.6
Armour         | 4 5 7 9 11 12 | 12.7
Staves         | 3 8 12 14 15 | 15.4

Action                   |  1- 3 |  4- 6 |  7- 9 | 10-12 | 13-15 || total
-------------------------+-------+-------+-------+-------+-------++-------
Melee: Falchion          |    66 |       |       |       |       ||    66
       Headbutt          |    10 |    14 |    49 |   126 |    51 ||   250
       Long sword        |    10 |   128 |   170 |       |       ||   308
       Punch             |       |     1 |     1 |       |       ||     2
       Quarterstaff      |       |       |    64 |   451 |    80 ||   595
       Lajatang          |       |       |       |    88 |    93 ||   181
Invok: Berserk           |     2 |     3 |    10 |     6 |     2 ||    23
  Use: Scroll            |     4 |     1 |     4 |    16 |     9 ||    34
       Potion            |       |     1 |       |       |     2 ||     3
 Stab: Sleeping          |     1 |     1 |     3 |       |       ||     5
Armor: Animal skin       |    26 |    15 |       |       |       ||    41
       Ring mail         |       |    30 |    15 |       |       ||    45
       Steam dragon scal |       |       |    61 |       |       ||    61
       Chain mail        |       |       |    18 |   284 |    87 ||   389
Dodge: Dodged            |    43 |    81 |   271 |   547 |   117 ||  1059
